Map: Radhuset Station LE

Players

Tamadosek - Winner!

  • Race: Terran Terran
  • League: Silver
  • Spawn Location: 7:00

demzi

  • Race: Zerg Zerg
  • Spawn Location: 1:00

VOD

Have the link to the VOD?

Description

Time

  • Played on: March 20, 2024, 2:47 p.m.
  • Length: 1:58
Show
View Real Time Build Order
Export as new Build Order

Tamadosek Terran - Winner!

Build Orders:  

Get SALT Encoding   

  12  0:13  Supply Depot  
  12  0:14  SCV  
  13  0:26  SCV  
  14  0:32  Refinery  
  14  0:43  Barracks  
  14  0:48  SCV  
  15  1:00  SCV  
  16  1:05  Refinery  
  16  1:12  SCV  
  17  1:24  SCV  
  18  1:32  Barracks Tech Lab  
  18  1:36  SCV  
  18  1:37  Supply Depot  
  19  1:43  Factory  
Show
View Real Time Build Order
Export as new Build Order

demzi Zerg 

Build Orders:  

Get SALT Encoding   

  12  0:30  Overlord  
  12  0:32  Overlord  
  12  0:33  Drone  
  13  0:44  Drone  
  14  1:00  Drone  
  15  1:04  Drone  
  16  1:32  Hatchery  
Tags
 
League
Silver
Matchup
TvZ
Replay Pack
Multiplayer
Spawn Locations
Cross Positions
Add a new tag
Caveats
  • Supply blocks, unpowered buildings, or Contaminate may cause inaccurate times.
  • Supply counts are checked every 10 seconds.